 Dungeon Crawl Stone Soup version 0.15-a0-1472-ge546950 (webtiles) character file.

106 Psiweapon the Sneak (level 4, -1/23 HPs)
             Began as a Spriggan Abyssal Knight on June 13, 2014.
             Was a Believer of Lugonu.
             Killed from afar by Jessica (5 damage)
             ... with a wand of magic darts
             ... on Level 3 of the Dungeon.
             The game lasted 00:05:59 (2881 turns).

Psiweapon the Sneak (Spriggan Abyssal Knight)       Turns: 2881, Time: 00:05:59

HP  -1/23        AC  3     Str  9      XL: 4   Next: 55%
MP   9/9         EV 18     Int 13      God: Lugonu [**....]
Gold 113         SH  0     Dex 15      Spells:  0 memorised,  3 levels left

rFire  . . .     SeeInvis +     a - +1 short sword
rCold  . . .     Clarity  .     b - +0 robe
rNeg   . . .     rCorr    .     (shield restricted)
rPois  .         rRot     .     (helmet restricted)
rElec  .         Spirit   .     r - +0 cloak
SustAb .         Warding  .     (gloves unavailable)
rMut   .         Stasis   .     (boots unavailable)
Gourm  .                        (no amulet)
MR     .....                    (no ring)
                                (no ring)

@: very quick, not resistant to hostile enchantments, fairly stealthy
A: unfitting armour, see invisible, herbivore 3, speed 3, slow metabolism 2
a: Depart the Abyss, Bend Space, Renounce Religion


You were on level 3 of the Dungeon.
You worshipped Lugonu.
Lugonu was pleased with you.
You were not hungry.

You visited 1 branch of the dungeon, and saw 3 of its levels.
You visited the Abyss 1 time.

You collected 113 gold pieces.

Inventory:

Hand weapons
 a - a +1,+1 short sword (weapon)
 p - a +3,+2 whip of venom
Missiles
 e - 21 stones (quivered)
 u - 14 poisoned bolts
Armour
 b - a +0 robe (worn)
 n - a troll hide
 r - a +0 cloak (worn)
Comestibles
 f - 2 bread rations
 k - a slice of pizza
 t - a royal jelly
Scrolls
 g - a scroll of teleportation {unknown}
 h - a scroll of magic mapping {unknown}
 i - 2 scrolls of enchant weapon II {unknown}
 l - a scroll of amnesia {unknown}
 o - a scroll of remove curse {unknown}
 s - 2 scrolls of fear {unknown}
Potions
 c - a potion of porridge
 d - 2 potions of curing {unknown}
 j - a potion of brilliance {unknown}
 m - a potion of heal wounds {unknown}
 q - a potion of confusion {unknown}


   Skills:
 - Level 2.4 Fighting
 + Level 4.0 Short Blades
 - Level 3.5 Dodging
 + Level 4.7 Stealth
 - Level 1.7 Invocations


You had 3 spell levels left.
You didn't know any spells.

Dungeon Overview and Level Annotations

Branches:
Dungeon (3/15)

Altars:

Annotations:
D:3 Jessica


Innate Abilities, Weirdness & Mutations

You are tiny and cannot use many weapons and most armour.
You have supernaturally acute eyesight.
You are a herbivore.
You cover ground extremely quickly.
You need consume almost no food.


Message History

Press: ? - help, Shift-Dir - straight line, f/p - Jessica
Aim: Jessica wearing a robe You throw a stone.
The stone hits Jessica.
Jessica is moderately wounded.
Jessica zaps a wand.
The magic dart hits you!
Throwing (i - inventory):
e - 23 stones (quivered)
Press: ? - help, Shift-Dir - straight line, f/p - Jessica
Aim: Jessica wearing a robe and carrying a wand of magic darts {zapped: 1} (moderately wounded)
You throw a stone. The stone barely misses Jessica.
Jessica mumbles some strange words.
Jessica blinks!
Jessica shouts, "You're disturbing me!
I'll have to kill you!"
Jessica zaps a wand.
The magic dart hits you!
* * * LOW HITPOINT WARNING * * *
Throwing (i - inventory):
e - 22 stones (quivered)
Press: ? - help, Shift-Dir - straight line, f/p - Jessica
Aim: Jessica wearing a robe and carrying a wand of magic darts {zapped: 2} (moderately wounded)
You throw a stone. The stone closely misses Jessica.
Jessica zaps a wand.
The magic dart hits you!
You die...

###........#.#.#.#
....###....#.#.#.#
.........#.......#
....######.......#
....# #.......#
....# #.......#
....# #.......#
....#### #.....).#
..........######@#
.......... #....(#
###.......
#....ยง# ....... .
#.....# .....##
#.....# .....#
#####.# .....###
... .......# ..#
.###...# @.#


You could see Jessica.

Vanquished Creatures
  A hound (D:3)
  3 adders
  A giant gecko (D:1)
  An orc (D:3)
  A ball python (D:1)
  3 bats (D:1)
  5 hobgoblins
  6 jackals
  3 kobolds
  3 giant cockroaches (D:1)
  4 giant newts (D:1)
  4 goblins
  6 rats
41 creatures vanquished.

Notes
Turn   | Place    | Note
--------------------------------------------------------------
     0 | Abyss:1  | Psiweapon, the Spriggan Abyssal Knight, began the quest for the Orb.
     0 | Abyss:1  | Reached XP level 1. HP: 11/11 MP: 2/2
     6 | D:1      | Escaped the Abyss
   377 | D:1      | Reached skill level 1 in Stealth
   774 | D:1      | Reached XP level 2. HP: 16/16 MP: 4/4
  1039 | D:1      | Acquired Lugonu's second power
  1407 | D:2      | Reached XP level 3. HP: 13/19 MP: 6/6
  2448 | D:3      | Reached skill level 4 in Stealth
  2501 | D:3      | Reached XP level 4. HP: 23/23 MP: 9/9
  2875 | D:3      | Noticed Jessica
  2881 | D:3      | Killed from afar by Jessica

Action                   |  1- 3 |  4- 6 || total
-------------------------+-------+-------++-------
Melee: Short sword       |   134 |    37 ||   171
Throw: Stone             |    17 |     6 ||    23
 Stab: Sleeping          |     6 |       ||     6
